 Dungeon Crawl Stone Soup version 0.20-a0-12-g90c15da (webtiles) character file.

84 GlassEater the Sneak (level 4, -1/27 HPs)
             Began as a Kobold Assassin on Nov 3, 2016.
             Slain by a goblin
             ... wielding a +0 club
             ... led by Robin
              (6 damage)
             ... on level 3 of the Dungeon.
             The game lasted 00:05:31 (1935 turns).

GlassEater the Sneak (Kobold Assassin)              Turns: 1935, Time: 00:05:32

Health: -1/27      AC:  5    Str: 13    XL:     4   Next: 72%
Magic:  4/4        EV: 14    Int: 12    God:
Gold:   193        SH:  0    Dex: 17    Spells: 0 memorised, 3 levels left

rFire  . . .     SeeInvis .     a - +2 dagger
rCold  . . .     Gourm    .     r - +0 leather armour
rNeg   . . .     Faith    .     (shield restricted)
rPois  .         Spirit   .     (no helmet)
rElec  .         Reflect  .     d - +0 cloak
rCorr  .         Harm     .     u - +0 pair of gloves
MR     .....                    (no boots)
Stlth  +++.......               (no amulet)
                                (no ring)
                                (no ring)

@: mighty, very slightly contaminated, hasted, very quick
A: carnivore 3
a: no special abilities


You were on level 3 of the Dungeon.
You were completely stuffed.

You visited 1 branch of the dungeon, and saw 3 of its levels.

You collected 193 gold pieces.

Inventory:

Hand Weapons
 a - a +2 dagger (weapon)
 b - a +0 blowgun
Missiles
 e - 8 poisoned needles
 f - 2 curare-tipped needles
 i - 25 stones (quivered)
Armour
 c - a +0 robe
 d - a +0 cloak (worn)
 p - a +0 buckler
 r - a +0 leather armour (worn)
 u - a +0 pair of gloves (worn)
Jewellery
 w - an uncursed ring of poison resistance {unknown}
Scrolls
 k - 2 scrolls of identify
 n - a scroll of enchant weapon {unknown}
 v - 2 scrolls of noise {unknown}
Potions
 h - 2 potions of flight
 m - a potion of resistance {unknown}
 o - a potion of curing {unknown}
 q - a potion of agility {unknown}
 t - a potion of brilliance {unknown}
Comestibles
 g - a meat ration
 s - 2 chunks of flesh


   Skills:
 - Level 2.5 Fighting
 - Level 3.5 Short Blades
 - Level 2.2 Throwing
 - Level 1.2 Dodging
 - Level 6.3 Stealth
 + Level 1.7 Shields


You had 3 spell levels left.
You didn't know any spells.

Dungeon Overview and Level Annotations

Branches:
Dungeon (3/15)

Altars:
Hepliaklqana
Yredelemnul

Annotations:
D:3 Robin


Innate Abilities, Weirdness & Mutations

You are small and have problems with some larger weapons.
You are carnivorous and can eat meat at any time.


Message History

The goblin hits you but does no damage.
The leopard gecko bites you but does no damage.
You puncture the goblin!
You kill the goblin!
Robin misses you. The goblin hits you but does no damage.
You puncture the leopard gecko!
You kill the leopard gecko!
You miss the goblin.
The goblin is severely wounded.
You barely miss the goblin.
The goblin is severely wounded.
The goblin no longer looks unusually strong.
Robin misses you.
Robin roars a battlecry!
The goblin goes into a battle-frenzy!
The goblin misses you. Robin throws the goblin at you!
You puncture the goblin!
You kill the goblin!
The giant cockroach barely misses you. The goblin hits you with a club.
You die...

##### ######)@g# ######
#.....s### #....#
########
#####g############....#
...#...##
#g.##.........#....#
........## #h##
#........##...##
.........# ##)#
#..............
....g....# #.)#
#.........#....
.........###.##
#.......#......
........###...##
##...#####.....


You could see Robin, a jackal, a giant cockroach, a hobgoblin and a goblin.

Vanquished Creatures
  A gnoll (D:1)
  An adder (D:3)
  An ooze (D:1)
  A worm (D:2)
  A dart slug (D:1)
  2 leopard geckos
  4 bats
  3 giant cockroaches
  2 gnoll zombies (D:2)
  10 goblins
  7 hobgoblins
  3 jackals (D:2)
  A ball python (D:2)
  A frilled lizard (D:1)
  5 kobolds
  8 rats
51 creatures vanquished.

Notes
Turn   | Place    | Note
-------+----------+-------------------------------------------
     0 | D:1      | GlassEater the Kobold Assassin began the quest for the Orb.
     0 | D:1      | Reached XP level 1. HP: 12/12 MP: 1/1
   109 | D:1      | Reached XP level 2. HP: 18/18 MP: 2/2
   189 | D:1      | Reached skill level 6 in Stealth
   276 | D:1      | Reached XP level 3. HP: 22/22 MP: 3/3
   783 | D:2      | Found a basalt altar of Yredelemnul.
  1026 | D:2      | Reached XP level 4. HP: 19/27 MP: 4/4
  1410 | D:2      | Reached skill level 1 in Shields
  1562 | D:2      | Found a hazy altar of Hepliaklqana.
  1890 | D:3      | Noticed Robin
  1935 | D:3      | Slain by a goblin

Vault maps used:
D:1:      shiori_arrival_elements, minmay_hexomino_f4
D:2:      lemuel_coloured_pillars_altar, lemuel_zombie_altar_yredelemnul
D:3:      old_standard_altar, minitemple, first_bread, uniq_sigmund, uniq_robin

Skill      XL: |  1  2  3  4 |
---------------+-------------+-----
Stealth        | 6 |  6.3
Short Blades   | 3 |  3.5
Shields        | 1 |  1.7
Fighting       | |  2.5
Throwing       | |  2.2
Dodging        | |  1.2

Action                   |  1- 3 |  4- 6 || total
-------------------------+-------+-------++-------
Melee: Dagger            |   134 |    66 ||   200
 Fire: Blowgun           |     4 |     9 ||    13
  Use: Scroll            |     2 |       ||     2
       Potion            |       |     2 ||     2
 Stab: Sleeping          |     5 |     3 ||     8
  Eat: Chunk             |     9 |     3 ||    12
Armor: Robe              |    36 |     1 ||    37
       Leather armour    |       |    13 ||    13
Dodge: Dodged            |   101 |    54 ||   155
